 Dungeon Crawl Stone Soup version 0.30-a0-404-g0b3c3f4973 (webtiles) character file.

Game seed: 9337835824000081601

18938 kae the Martial Artist (level 12, 0/96 HPs)
             Began as a Black Draconian Transmuter on Dec 7, 2022.
             Was a Believer of Ru.
             Succumbed to a black mamba's poison
             ... on level 1 of the Lair of Beasts.
             The game lasted 00:31:34 (12490 turns).

kae the Martial Artist (DrTm)                      Turns: 12490, Time: 00:31:35

Health: 0/96       AC: 13    Str: 13    XL:     12   Next: 32%
Magic:  22/24      EV: 14    Int: 20    God:    Ru [**....]
Gold:   1647       SH:  0    Dex: 13    Spells: 12/27 levels left

rFire   . . .      SeeInvis +      - Unarmed
rCold   . . .      Faith    .    (shield currently unavailable)
rNeg    + . .      Spirit   .    (body armour unavailable)
rPois   .          Reflect  .    (helmet restricted)
rElec   +          Harm     .    t - +0 cloak
rCorr   .          Rampage  .    (gloves currently unavailable)
Will    .....                    (no boots)
Stlth   ..........               g - amulet of regeneration
HPRegen 1.16/turn                O - +4 ring of protection
MPRegen 0.19/turn                N - ring "Kokah" {Contam rN+ Int+3 SInv}

@: lethally poisoned (0 -> -11), short of breath, blade hands (expiring)
A: breathe lightning, AC +8, unfitting armour, electricity resistance,
cold-blooded, no stealth, hated by all
a: Breathe Lightning, End Transformation, Renounce Religion


You were on level 1 of the Lair of Beasts.
You worshipped Ru.
Ru was pleased with you.
You had blades for hands.
You visited 3 branches of the dungeon, and saw 14 of its levels.
You visited the Abyss 1 time.
You also visited: Ossuary.

You collected 1647 gold pieces.


Innate Abilities, Weirdness & Mutations

You have blades for hands.
Your spellcasting is less reliable in this form.
You are incapable of wielding weapons or throwing items.
You can breathe wild blasts of lightning.
Your glossy black scales are hard. (AC +8)
You cannot fit into any form of body armour.
You are resistant to electric shocks. (rElec)
You are cold-blooded and may be slowed by cold attacks.
You cannot be stealthy.
You are hated by all.


   Skills:
 + Level 6.1 Fighting
 + Level 5.4 Dodging
 * Level 10.9 Unarmed Combat
 + Level 8.1 Spellcasting
 * Level 10.8 Transmutations
 - Level 8.1 Ice Magic
 - Level 2.2 Poison Magic


You had 12 spell levels left.
You knew the following spells:

 Your Spells              Type           Power      Damage    Failure   Level
a - Beastly Appendage     Tmut           100%       N/A       7%          1
b - Wereblood             Tmut           51%        N/A       8%          2
c - Spider Form           Tmut/Pois      34%        N/A       19%         3
d - Ice Form              Ice/Tmut       46%        N/A       19%         4
e - Blade Hands           Tmut           25%        N/A       24%         5

Your spell library contained the following spells:

 Spells                   Type           Power      Damage    Failure   Level
 Sting                    Tmut/Pois      100%       1d8       12%         1
 Frozen Ramparts          Ice            80%        1d13      14%         3
 Poisonous Vapours        Pois/Air       24%        N/A       41%         2
 Kiss of Death            Conj/Necr      32%        2d7       43%         1
 Magic Dart               Conj           32%        1d4       43%         1
 Mephitic Cloud           Conj/Pois/Air  11%        N/A       61%         3
 Confusing Touch          Hex            8%         N/A       69%         3
 Olgreb's Toxic Radiance  Pois           17%        N/A       75%         4
 Dispel Undead            Necr           8%         3d8       93%         4
 Iron Shot                Conj/Erth      4%         9d2       100%        6
 Borgnjor's Revivificati  Necr           4%         N/A       100%        8
 Chain Lightning          Conj/Air       4%         3d5       100%        9
 Fire Storm               Conj/Fire      4%         8d1       100%        9
 Shatter                  Erth           4%         3d7*      100%        9
 Call Imp                 Summ           Unusable   N/A       N/A         2
 Summon Ice Beast         Ice/Summ       Unusable   N/A       N/A         4
 Animate Armour           Summ/Erth      Unusable   N/A       N/A         4
 Death Channel            Necr           Unusable   N/A       N/A         6

Inventory:

Hand Weapons
 d - a +0 dagger of venom (melded)
   (You took it off a goblin on level 1 of the Dungeon)
Missiles
 b - 2 atropa-tipped darts
 c - 2 javelins
 f - 172 stones
 q - 33 poisoned darts
 v - a curare-tipped dart {=f}
 z - 3 throwing nets {=f!f}
 A - 6 boomerangs
Armour
 n - a +1 pair of gloves (melded)
   (You found it on level 3 of the Dungeon)
 t - a +0 cloak (worn)
   (You found it on level 6 of the Dungeon)
Magical Staves
 i - a staff of poison {!a}
   (You found it on level 1 of the Dungeon)
 y - a staff of air {!a}
   (You found it on level 7 of the Dungeon)
 J - a staff of air {!a}
   (You took it off an orc wizard on level 11 of the Dungeon)
 P - a staff of cold {!a}
   (You found it on level 11 of the Dungeon)
Jewellery
 g - an amulet of regeneration (around neck)
   (You found it on level 6 of the Dungeon)
 F - a ring of protection from fire
   (You took it off a wight on level 6 of the Dungeon)
 L - a ring of flight
   (You found it on level 2 of the Dungeon)
 N - the ring "Kokah" (right blade hand) {Contam rN+ Int+3 SInv}
   (You found it on level 11 of the Dungeon)

   [ring of positive energy]

   Int:       It affects your intelligence (+3).
   rN:        It protects you from negative energy.
   SInv:      It lets you see invisible.
   Contam:    It causes magical contamination when unequipped.
 O - a +4 ring of protection (left blade hand)
   (You found it on level 2 of the Dungeon)
 R - a ring of resist corrosion
   (You found it on level 1 of the Lair of Beasts)
 Z - a ring of wizardry
   (You found it on level 6 of the Dungeon)
Wands
 p - a wand of quicksilver (8)
   (You found it on level 3 of the Dungeon)
 I - a wand of flame (16)
   (You found it on level 9 of the Dungeon)
 K - a wand of paralysis (4)
   (You took it off a kobold on level 10 of the Dungeon)
Scrolls
 l - 2 scrolls of immolation {!r!r}
 o - 2 scrolls of poison {!r}
 u - 6 scrolls of teleportation {@r4}
 D - 7 scrolls of identify {@r1}
 G - 2 scrolls of enchant armour
Potions
 a - 2 potions of lignification {!q}
 e - 2 potions of brilliance
 h - 7 potions of degeneration {!q}
 k - 2 potions of ambrosia
 m - 2 potions of flight
 r - 4 potions of cancellation
 s - 4 potions of berserk rage {!q}
 w - a potion of mutation {!q}
 B - a potion of magic
 C - a potion of might
 E - 2 potions of curing {@q1}
 H - a potion of attraction {!q}
 M - 2 potions of invisibility
Miscellaneous
 x - a phantom mirror
   (You found it on level 9 of the Dungeon)

Dungeon Overview and Level Annotations

Branches:
Dungeon (12/15) Zot: 26904  Temple (1/1) D:6 Zot: 5863    Lair (1/5) D:11 Zot: 5737
Ossuary (visited)
    Orc: D:9-12

Altars:
Ashenzari
Dithmenos
Elyvilon
Gozag
Makhleb
Nemelex Xobeh
Okawaru
Qazlal
Ru
Sif Muna
Trog
Vehumet
Wu Jian
Xom
Zin
The Shining One
Lugonu

Shops:
D:3 (   D:8 (   D:9 (

Portals:
Abyss: D:5

Annotations:
D:5 exclusion: lurking horror
D:8 1 runed translucent door, NoAnimeNoLife's ghost, novice HOFi
D:10 1 runed translucent door, ketsa's ghost, journeyman DjHW

...........+ #.
....#S....# . P...
...#.....#.. ##...
.>#.......#
#....#####.#........
#..................
#.^........F†$.....
#..........@B......
#............).....
#.#.##†##.##...#P.#
#.# #..### ...# #
#.####.### ...#
#........# #...#
#..##....###...#
.##....
#.##.#.#.##P...#
....... ##.######.#
#...# #.....


You could see a boulder beetle, a water moccasin and a bullfrog.


Message History

A water moccasin comes into view. 😎 HP[+16] MP[+3]
Your hp is fully restored (96).
Your mp is fully restored (24).
A water moccasin is nearby!
A water moccasin is nearby!
A water moccasin is nearby!
A water moccasin is nearby!
Casting: Blade Hands (dangerous; 2% risk of failure)
Confirm with . or Enter, or press ? or * to list all spells.
Your hands turn into razor-sharp scythe blades.
Your +0 dagger of venom melds into your body.
Your +1 pair of gloves melds into your body.
Your +0 dagger of venom stops dripping with poison. 😎 MP[-5]
You lost 5 mp, and now have 19/24 mp.
Found a stone staircase leading down.
You slice the water moccasin!! You tail-slap the water moccasin.
The water moccasin barely misses you.
A water moccasin is nearby!
You slice the water moccasin!!
You kill the water moccasin!
No target in view!
You see here a water moccasin corpse.
A boulder beetle comes into view.
The boulder beetle curls into a ball and begins rolling! 😎 MP[+1]
A black mamba comes into view.
The black mamba hisses angrily. 😎 MP[+1]
There are monsters nearby!
There are monsters nearby!
The boulder beetle hits you!!!
The boulder beetle stops rolling and uncurls.
You hear a croak.
You are too injured to fight recklessly! 😮 HP[-39]
You take 39 damage, and now have 57/96 hp.
MASSIVE DAMAGE!! (PAUSE)
You are too injured to fight recklessly!
You are too injured to fight recklessly!
You are too injured to fight recklessly!
You are too injured to fight recklessly!
You hit the boulder beetle but do no damage.
Your transformation is almost over.
A bullfrog comes into view.
The boulder beetle bites you!
* * * LOW HITPOINT WARNING * * *
😨 HP[-9]
You take 9 damage, and now have 48/96 hp.
You slice the boulder beetle!! The black mamba closely misses you.
The boulder beetle bites you.
* * * LOW HITPOINT WARNING * * *
The black mamba bites you.
* * * LOW HITPOINT WARNING * * *
You are poisoned.
The black mamba poisons you! 😨 HP[-5]
You take 5 damage, and now have 43/96 hp.
Activating: Breathe Lightning (2% risk of failure)
Press: ? - help, Dir - look around, f - activate You breathe a wild blast of lightning!
The orb of electricity explodes!
The orb of electricity engulfs you! You resist.
* * * LOW HITPOINT WARNING * * *
The orb of electricity explodes!
The orb of electricity engulfs the boulder beetle.
The orb of electricity engulfs you! You resist.
* * * LOW HITPOINT WARNING * * *
The orb of electricity engulfs the black mamba!!
You feel very sick.
You hear an angry hiss.
You hear a croak.
You hear an angry growl.
The black mamba bites you.
* * * LOW HITPOINT WARNING * * *
You are lethally poisoned!
The black mamba poisons you! The boulder beetle bites you!
* * * LOW HITPOINT WARNING * * *
😱 HP[-41]
You take 41 damage, and now have 2/96 hp.
MASSIVE DAMAGE!! (PAUSE)
You feel better. The black mamba bites you.
* * * LOW HITPOINT WARNING * * *
You are lethally poisoned!
The black mamba poisons you! The black mamba bites you.
* * * LOW HITPOINT WARNING * * *
A water moccasin comes into view.
The boulder beetle completely misses you. 😱 HP[+6]
You regained 6 hp, and now have 8/96 hp.
You hit the boulder beetle.
* * * LOW HITPOINT WARNING * * *
You feel very sick.
You redirect the black mamba's attack!
The black mamba completely misses itself.
The boulder beetle bites you but does no damage.
The black mamba bites you but does no damage. 😱 HP[-4] MP[+1]
You take 4 damage, and now have 4/96 hp.
Unknown command.
You slice the black mamba!!
You kill the black mamba!
You die...

Skill      XL: |  1  2  3  4  5  6  7  8  9 10 11 12 |
---------------+-------------------------------------+-----
Transmutations | 3 4 5 6 7 8 10 | 10.8
Poison Magic   | 1 2 |  2.2
Unarmed Combat | 4 5 6 7 8 10 | 10.9
Spellcasting   | 3 4 5 6 7 8 |  8.1
Ice Magic      | 2 4 6 8 |  8.1
Dodging        | 3 4 5 |  5.4
Fighting       | 3 5 6 |  6.1

Action                   |  1- 3 |  4- 6 |  7- 9 | 10-12 || total
-------------------------+-------+-------+-------+-------++-------
Melee: Unarmed           |    23 |    53 |   267 |   548 ||   891
       Dagger            |    77 |   103 |    17 |    30 ||   227
       Kick              |    16 |    20 |       |       ||    36
       Tailslap          |     9 |    10 |     1 |    38 ||    58
       Headbutt          |    15 |    12 |       |       ||    27
       Punch             |       |     2 |       |    20 ||    22
 Cast: Beastly Appendage |    22 |    15 |       |     2 ||    39
       Spider Form       |       |    10 |     7 |       ||    17
       Ice Form          |       |       |    19 |    27 ||    46
       Wereblood         |       |       |     2 |     7 ||     9
       Blade Hands       |       |       |       |    26 ||    26
Invok: Sacrifice Love    |       |       |     1 |       ||     1
       Sacrifice Stealth |       |       |       |     1 ||     1
       Reject Sacrifices |       |       |       |     1 ||     1
 Abil: End Transformatio |       |       |     1 |       ||     1
       Breathe Lightning |       |       |     1 |     2 ||     3
Evoke: Wand              |       |       |     2 |     6 ||     8
  Use: Scroll            |     2 |     8 |     9 |     8 ||    27
       Potion            |       |     1 |     1 |     4 ||     6
 Stab: Invisible         |       |       |       |     1 ||     1
       Distracted        |       |       |       |     1 ||     1
Armor: Skin              |    31 |    41 |   132 |   314 ||   518
Dodge: Dodged            |    77 |   100 |   175 |   359 ||   711

Levels and vault maps discovered:
D:1:      dpeg_arrival_connections, layout_basic
D:2:      layout_loops_ring, basic_altar, minmay_pentomino_u4
D:3:      layout_rooms, serial_shops, nicolae_shop_statue_plus,
          grunt_decor_one_mirror, minmay_fractal_squares_diagonal_5
D:4:      layout_basic, hex_tiny, minivault_11
D:5:      layout_cave_pools, amcnicky_altar_lugonu_corruption
D:6:      layout_loops_ring, marbit_many_paths, minmay_temple_entry_mist
D:7:      layout_loops_ring, uniq_duvessa
D:8:      layout_cave_pools, ebering_ghost_inner_flame, serial_gnoll_camp,
          gnoll_camp_huts_moat, gnoll_camp_medium_02, gnoll_camp_mini_shop,
          gnoll_camp_mini_loothouse, gnoll_camp_medium_01,
          gnoll_camp_mini_doghouse, lightli_ossuary_entry_decrepit_ruins,
          uniq_psyche
D:9:      layout_basic, nicolae_shop_firing_range
D:10:     layout_basic, ebering_ghost_funeral_grove
D:11:     minmay_the_grid_octo_tiled_squarecenter_mashed
          [minmay_the_grid_octo_fan_narrow, minmay_the_grid_octo_teeth,
          minmay_the_grid_octo_tetromino_candy, minmay_the_grid_octo_checkered,
          minmay_the_grid_square_5x5_megaprize_open,
          minmay_the_grid_square_5x5_forky, minmay_the_grid_square_5x5_empty,
          minmay_the_grid_square_5x5_spiral,
          minmay_the_grid_square_5x5_n_small], layout_loops_ring
D:12:     layout_gridville, orc_david_3, minivault_1
Temple:   compressed_dpeg_circular_temple
Lair:1:   layout_regular_city, beast_lair_carwin_10

Notes
Turn   | Place    | Note
-------+----------+-------------------------------------------
     0 | D:1      | kae the Draconian Transmuter began the quest for the Orb.
     0 | D:1      | Reached XP level 1. HP: 16/16 MP: 3/3
     0 | D:1      | magus.rc [v1.11.3]
   200 | D:1      | Reached XP level 2. HP: 22/23 MP: 3/5
   438 | D:1      | Reached XP level 3. HP: 27/28 MP: 4/6
   479 | D:1      | Reached skill level 3 in Transmutations
   939 | D:2      | Learned a level 2 spell: Wereblood
   943 | D:2      | Learned a level 3 spell: Spider Form
  1001 | D:2      | Found a shadowy altar of Dithmenos.
  1316 | D:2      | Reached XP level 4. HP: 35/35 MP: 5/7
  1902 | D:3      | Reached skill level 1 in Poison Magic
  2117 | D:3      | Found Jih Cih's Antique Weapon Shop.
  2653 | D:4      | Noticed an ogre
  2672 | D:4      | Reached XP level 5. HP: 38/40 MP: 2/9
  2677 | D:4      | Killed an ogre
  2678 | D:4      | Reached skill level 4 in Unarmed Combat
  2678 | D:4      | Reached skill level 3 in Spellcasting
  2678 | D:4      | Reached skill level 2 in Poison Magic
  2812 | D:4      | Reached skill level 4 in Transmutations
  2855 | D:4      | Reached XP level 6. HP: 40/47 MP: 8/10
  3282 | D:5      | Entered Level 5 of the Dungeon
  3288 | D:5      | Learned a level 4 spell: Ice Form
  3391 | D:5      | Reached skill level 1 in Ice Magic
  3430 | D:5      | Found a one-way gate to the infinite horrors of the Abyss.
  3430 | D:5      | Found a corrupted altar of Lugonu.
  3696 | D:5      | Reached skill level 2 in Ice Magic
  3811 | D:4      | Your scales start taking on a glossy black colour.
  3811 | D:4      | Reached XP level 7. HP: 44/52 MP: 10/12
  3811 | D:4      | Gained mutation: You are resistant to electric shocks.
                  | (rElec) [Black Draconian growth]
  4213 | D:6      | Reached skill level 3 in Ice Magic
  4217 | D:6      | Found a staircase to the Ecumenical Temple.
  4296 | D:6      | Reached skill level 4 in Spellcasting
  4319 | Temple   | Entered the Ecumenical Temple
  4431 | Temple   | Became a worshipper of Ru the Awakened
  4546 | D:6      | You pick up a book of Rime and begin reading...
  4546 | D:6      | You add the spells Frozen Ramparts and Summon Ice Beast to
                  | your library.
  4660 | D:6      | Reached skill level 5 in Unarmed Combat
  4827 | D:6      | Reached skill level 5 in Transmutations
  4832 | D:6      | Reached skill level 4 in Ice Magic
  4832 | D:6      | Reached XP level 8. HP: 32/59 MP: 8/14
  5216 | D:6      | magus.rc [v1.11.3]
  5304 | D:6      | Reached skill level 5 in Ice Magic
  5348 | D:6      | Found a glowing silver altar of Zin.
  5413 | D:6      | You pick up a book of Touch and begin reading...
  5413 | D:6      | You add the spells Kiss of Death, Confusing Touch and
                  | Dispel Undead to your library.
  5473 | D:6      | Identified a scroll of acquirement
  5473 | D:6      | Acquired 822 gold pieces
  5592 | D:7      | Noticed Dowan
  5594 | D:7      | Noticed Duvessa
  5610 | D:7      | Killed Duvessa
  5611 | D:7      | Reached skill level 5 in Spellcasting
  5613 | D:7      | Killed Dowan
  5614 | D:7      | Reached skill level 6 in Unarmed Combat
  5924 | D:7      | Reached skill level 6 in Transmutations
  5924 | D:7      | Reached skill level 6 in Ice Magic
  5924 | D:7      | Reached XP level 9. HP: 61/64 MP: 13/16
  6325 | D:7      | You pick up a book of Annihilations and begin reading...
  6325 | D:7      | You add the spells Chain Lightning, Fire Storm and Shatter
                  | to your library.
  6439 | D:7      | You are cast into the Abyss!
  6439 | Abyss:1  | Cast into level 1 of the Abyss (gnoll)
  6602 | Abyss:1  | Noticed an orc sorcerer
  6602 | Abyss:1  | Noticed a kobold demonologist
  6608 | Abyss:1  | Gained mutation: You are hated by all. [Ru sacrifice]
  6608 | Abyss:1  | Reached * piety under Ru
  6608 | Abyss:1  | Noticed a smoke demon
  6609 | Abyss:1  | Noticed an ice devil
  6610 | Abyss:1  | Noticed a rust devil
  6611 | Abyss:1  | Killed a kobold demonologist
  6624 | Abyss:1  | Killed a smoke demon
  6625 | Abyss:1  | Reached skill level 7 in Ice Magic
  6626 | Abyss:1  | Noticed a smoke demon
  6641 | Abyss:1  | HP: 18/76 [smoke demon] (9)]
  6642 | Abyss:1  | Killed a smoke demon
  6653 | Abyss:1  | Reached skill level 6 in Spellcasting
  6656 | D:7      | You pass through the gate.
  6656 | D:7      | Escaped the Abyss
  6743 | D:8      | Noticed NoAnimeNoLife's ghost (novice HOFi)
  6743 | D:8      | Found a runed translucent door.
  6750 | D:8      | Reached skill level 7 in Unarmed Combat
  6769 | D:8      | You pick up a book of Minor Magic and begin reading...
  6769 | D:8      | You add the spells Magic Dart and Mephitic Cloud to your
                  | library.
  6814 | D:8      | Reached skill level 7 in Transmutations
  6818 | D:8      | Reached skill level 8 in Ice Magic
  6946 | D:8      | Found a sand-covered staircase.
  6962 | Ossuary  | Entered an ossuary
  7040 | Ossuary  | Reached XP level 10. HP: 71/71 MP: 16/19
  7083 | Ossuary  | Reached skill level 2 in Dodging
  7268 | Ossuary  | Reached skill level 2 in Fighting
  7435 | D:8      | Noticed Psyche
  7436 | D:8      | Noticed a two-headed ogre
  7469 | D:8      | magus.rc [v1.11.3]
  7759 | D:8      | Found Fiffot's Weapon Shop.
  7861 | D:8      | Reached skill level 8 in Unarmed Combat
  8009 | D:8      | Gained mutation: You cannot be stealthy. [Ru sacrifice]
  8009 | D:8      | Reached ** piety under Ru
  8098 | D:8      | Killed Psyche
  8099 | D:8      | Reached skill level 8 in Transmutations
  8273 | D:8      | Killed a two-headed ogre
  8274 | D:8      | Reached skill level 3 in Fighting
  8274 | D:8      | Reached skill level 3 in Dodging
  8557 | D:9      | Reached skill level 7 in Spellcasting
  8761 | D:9      | You pick up a book of Iron and begin reading...
  8761 | D:9      | You add the spells Blade Hands and Iron Shot to your
                  | library.
  8905 | D:9      | Reached XP level 11. HP: 82/82 MP: 21/21
  8912 | D:9      | Reached skill level 9 in Unarmed Combat
  8919 | D:9      | Learned a level 5 spell: Blade Hands
  9434 | D:9      | Found Qaneff's Firing Range.
  9728 | D:10     | Entered Level 10 of the Dungeon
  9844 | D:10     | Noticed a two-headed ogre
  9850 | D:10     | Killed a two-headed ogre
  9851 | D:10     | Reached skill level 4 in Fighting
  9851 | D:10     | Reached skill level 9 in Transmutations
 10054 | D:10     | Reached skill level 4 in Dodging
 10627 | D:10     | Found a runed translucent door.
 10629 | D:10     | Noticed ketsa's ghost (journeyman DjHW)
 10631 | D:10     | Identified the +11 trident of Piaw {holy, Contam rElec rF+
                  | Stlth+}
 10791 | D:11     | Noticed an orc knight
 10791 | D:11     | Noticed a centaur warrior
 10791 | D:11     | Noticed an ogre mage
 10791 | D:11     | Noticed a green ugly thing
 10802 | D:11     | Killed a centaur warrior
 10806 | D:11     | HP: 17/85 [meliai/divine providence (9)]
 10807 | D:11     | HP: 6/85 [orc knight/+0 long sword (12)]
 10812 | D:11     | HP: 13/85 [something (4)]
 10817 | D:11     | HP: 7/85 [something (6)]
 10837 | D:11     | HP: 21/85 [something (7)]
 11071 | D:11     | Reached skill level 5 in Fighting
 11114 | D:11     | Killed a green ugly thing
 11115 | D:11     | Reached skill level 10 in Unarmed Combat
 11135 | D:11     | Reached skill level 10 in Transmutations
 11276 | D:11     | Noticed a deep elf pyromancer
 11286 | D:11     | Killed a deep elf pyromancer
 11307 | D:11     | Noticed a mana viper
 11396 | D:11     | Reached XP level 12. HP: 49/94 MP: 17/23
 11478 | D:11     | Reached skill level 5 in Dodging
 11521 | D:11     | Identified the ring "Kokah" {Contam rN+ Int+3 SInv}
 11526 | D:11     | Got the Cyclopedia of Exhumation
 11547 | D:11     | HP: 5/94 [yaktaur/bolt (26)]
 11563 | D:11     | HP: 16/95 [ogre mage/bolt of magma (25)]
 11565 | D:11     | Killed an ogre mage
 11566 | D:11     | Reached skill level 8 in Spellcasting
 11747 | D:11     | Found a staircase to the Lair.
 12221 | Lair:1   | Entered Level 1 of the Lair of Beasts
 12289 | Lair:1   | Reached skill level 6 in Fighting
 12328 | Lair:1   | You add the spells Sting, Poisonous Vapours and Olgreb's
                  | Toxic Radiance to your library.
 12481 | Lair:1   | Noticed a boulder beetle
 12487 | Lair:1   | HP: 21/96 [poisoned by a black mamba]
 12487 | Lair:1   | HP: 2/96 [boulder beetle (13)]
 12490 | Lair:1   | Succumbed to a black mamba's poison

Vanquished Creatures
  An ogre mage (D:11)
  2 two-headed ogres
  A centaur warrior (D:11)
  An orc knight (D:11)
  A manticore (D:11)
  A faun (shapeshifter) (D:11)
  An ugly thing (D:11)
  3 cyclopes (D:11)
  A black mamba (Lair:1)
  2 smoke demons (Abyss:1)
  Psyche (D:8)
  A kobold demonologist (Abyss:1)
  2 unseen horrors (D:11)
  A komodo dragon (D:11)
  An efreet (D:11)
  A komodo dragon (shapeshifter) (D:9)
  2 trolls (D:9)
  A yaktaur (D:11)
  A polar bear (Lair:1)
  A meliai (D:11)
  A wraith (D:7)
  16 yaks
  A vampire (D:11)
  3 wyverns
  3 basilisks
  An acid dragon (D:11)
  Duvessa (D:7)
  2 water moccasins (Lair:1)
  3 orc warriors
  2 black bears (D:6)
  A wolf (D:8)
  4 ogres
  4 centaurs
  6 gnoll sergeants
  8 kobold brigands
  3 bullfrogs
  A necrophage (D:8)
  14 scorpions
  5 wights
  Dowan (D:7)
  19 killer bees
  8 howler monkeys
  2 electric eels (D:8)
  2 centaur zombies (Ossuary)
  A quasit (Abyss:1)
  10 hounds
  4 gnoll boudas
  2 human zombies (Ossuary)
  2 jellies
  2 orc priests
  2 iguanas
  7 scorpion zombies (Ossuary)
  9 orc wizards
  3 mummies (Ossuary)
  47 gnolls
  8 adders
  A white imp (D:6)
  An ufetubus (D:7)
  3 worms
  5 dart slugs
  24 orcs
  10 bats
  2 endoplasms (D:1)
  4 giant cockroaches
  7 goblins
  8 hobgoblins
  8 jackals
  7 quokkas
  3 training dummies (D:9)
  7 ball pythons
  6 frilled lizards
  4 hobgoblin zombies (Ossuary)
  34 kobolds
  3 kobold zombies (Ossuary)
  2 orc zombies (Ossuary)
  6 rats
379 creatures vanquished.

Vanquished Creatures (others)
  A deep elf pyromancer (D:11)
  A manticore (D:11)
  A yak (D:11)
  2 centaurs
  A killer bee (D:9)
  A gnoll (D:8)
  An orc (D:11)
  A jackal (D:8)
  2 kobolds (D:8)
  6 fungi
  A lurking horror (D:5)
  5 plants
23 creatures vanquished.

Grand Total: 402 creatures vanquished

Table legend:
 A = Non-vault XP
 B = Vault XP
 C = Vault XP percentage of total XP
 D = Non-vault monster count
 E = Vault monster count
 F = Vault count percentage of total count
                 A         B        C        D         E       F
            +---------+---------+-------+---------+---------+-------
      Total |   16331 |   11176 |  40.6 |     250 |     132 |  34.6
            +---------+---------+-------+---------+---------+-------
        D:1 |      58 |       0 |   0.0 |      31 |       0 |   0.0
        D:2 |      42 |       7 |  14.3 |      13 |       3 |  18.8
        D:3 |      60 |      21 |  25.9 |      14 |       7 |  33.3
        D:4 |     275 |       0 |   0.0 |      15 |       0 |   0.0
        D:5 |     427 |       0 |   0.0 |      12 |       0 |   0.0
        D:6 |    1163 |      41 |   3.4 |      25 |       1 |   3.8
        D:7 |     686 |     218 |  24.1 |      18 |       2 |  10.0
        D:8 |    1694 |    1773 |  51.1 |      32 |      59 |  64.8
        D:9 |    2870 |       6 |   0.2 |      31 |       3 |   8.8
       D:10 |    2950 |       0 |   0.0 |      25 |       0 |   0.0
       D:11 |    2487 |    7618 |  75.4 |      16 |      22 |  57.9
     Lair:1 |    2007 |      85 |   4.1 |       9 |       1 |  10.0
    Abyss:1 |    1612 |       0 |   0.0 |       9 |       0 |   0.0
    Ossuary |       0 |    1407 | 100.0 |       0 |      34 | 100.0
            +---------+---------+-------+---------+---------+-------

Illustrated notes

Table legend:
 A = Kills in this place as a percentage of kills in entire the game.
 B = Kills by you in this place as a percentage of kills by you in the entire game.
 C = Kills by friends in this place as a percentage of kills by friends in the entire game.
 D = Other kills in this place as a percentage of other kills in the entire game.
 E = Experience gained in this place as a percentage of experience gained in the entire game.
 F = Experience gained in this place divided by the number of levels of this place that you have seen.
                   A       B       C       D       E      F
               +-------+-------+-------+-------+-------+----------------------
         Total | 100.0 | 100.0 |   N/A | 100.0 | 100.0 | 1719.2
       Dungeon |  86.1 |  86.0 |   N/A | 100.0 |  81.4 | 1866.3
          Lair |   2.6 |   2.6 |   N/A |   0.0 |   7.6 | 2092.0
         Abyss |   2.4 |   2.4 |   N/A |   0.0 |   5.9 | 1612.0
       Ossuary |   8.9 |   9.0 |   N/A |   0.0 |   5.1 | 1407.0
               +-------+-------+-------+-------+-------+----------------------

Table legend: (Time is in decaauts)
 A = Elapsed time spent in this place.
 B = Non-inter-level travel time spent in this place.
 C = Inter-level travel time spent in this place.
 D = Time resting spent in this place.
 E = Time spent auto-exploring this place.
 F = Levels seen in this place.
 G = Mean time per level.
                   A        B        C        D        E       F      G
               +--------+--------+--------+--------+--------+-----+--------+
         Total |  12369 |  11790 |    579 |    322 |   8790 |  16 |  773.1 |
       Dungeon |  11301 |  10771 |    530 |    273 |   8173 |  12 |  941.8 |
        Temple |    136 |     89 |     47 |      0 |     73 |   1 |  136.0 |
          Lair |    262 |    262 |      0 |      0 |    211 |   1 |  262.0 |
         Abyss |    212 |    212 |      0 |     43 |     99 |   1 |  212.0 |
       Ossuary |    456 |    456 |      0 |      6 |    234 |   1 |  456.0 |
               +--------+--------+--------+--------+--------+-----+--------+

Top non-repeatable levels by time:
    D:11: 1429 daAuts
     D:8: 1253 daAuts
     D:6: 1224 daAuts
     D:9: 1201 daAuts
    D:10: 1017 daAuts
     D:7: 971 daAuts
     D:1: 898 daAuts
     D:4: 890 daAuts
     D:2: 845 daAuts
     D:5: 795 daAuts
     D:3: 758 daAuts
 Ossuary: 456 daAuts
  Lair:1: 262 daAuts
 Abyss:1: 212 daAuts
  Temple: 136 daAuts
